 Dungeon Crawl Stone Soup version 0.32-a0-995-gb4a59205af (webtiles) character file.

Game seed: 6517935553429622350

311524 packetloss the Earth Mage (level 19, -31/163 HPs)
             Began as a Demigod Earth Elementalist on Apr 18, 2024.
             Killed from afar by Frederick (68 damage)
             ... with an iron shot
             ... on level 3 of the Vaults on Apr 22, 2024.
             The game lasted 05:07:54 (86857 turns).

packetloss the Earth Mage (DgEE)                   Turns: 86857, Time: 05:07:54

Health: -31/163    AC: 23    Str: 11    XL:     19   Next: 95%
Magic:  2/42       EV: 20    Int: 40    God:
Gold:   2325       SH: 11    Dex: 14    Spells: 3/44 levels left

rFire   + + .        a - +8 hand cannon of Charmed True Grit {speed, Fly rN+}
rCold   . . .        v - +1 buckler {AC+3}
rNeg    + . .        R - +0 steam dragon scales
rPois   +            N - +0 helmet {Int+3}
rElec   +            M - +2 cloak "Ocsaceemokh" {+Blink rF++ rCorr Str-2}
rCorr   +            z - +0 pair of gloves
SInv    .            Z - +2 pair of boots
Will    +++..        s - amulet of reflection
Stlth   ++           r - +4 ring of protection
HPRegen 0.47/turn    b - ring "Devog" {^Drain rElec rPois Will++ EV+5}
MPRegen 0.28/turn

%: reflection
@: flying, very slightly contaminated
A: high MP 1, forlorn, divine attributes
}: 1/15 runes: serpentine
a: Evoke Blink


You were on level 3 of the Vaults.
You visited 8 branches of the dungeon, and saw 36 of its levels.
You also visited: Ice Cave.

You collected 4428 gold pieces.
You spent 2103 gold pieces at shops.

Inventory:

Hand Weapons
 a - the +8 hand cannon of Charmed True Grit (weapon) {speed, Fly rN+}
   (You acquired it on level 14 of the Dungeon)

   rN+:       It protects you from negative energy.
   Fly:       It grants you flight.
Missiles
 O - 4 throwing nets
Armour
 k - a +2 robe of willpower
 p - a +0 hat of see invisible
 v - a +1 buckler of protection (worn)
 z - a +0 pair of gloves (worn)
 I - a scarf of resistance
 M - the +2 cloak "Ocsaceemokh" (worn) {+Blink rF++ rCorr Str-2}
   (You found it on level 12 of the Dungeon)

   Str-2:     It affects your strength (-2).
   rF++:      It greatly protects you from fire.
   +Blink:    It lets you blink.
   rCorr:     It protects you from acid and corrosion.
 N - a +0 helmet of intelligence (worn)
 R - +0 steam dragon scales (worn)
 Y - +0 ice dragon scales
 Z - a +2 pair of boots (worn)
Magical Staves
 l - a staff of conjuration
 V - a staff of earth
Jewellery
 b - the ring "Devog" (right hand) {^Drain rElec rPois Will++ EV+5}
   (You took it off a deep elf master archer on level 3 of the Elven Halls)

   [ring of evasion]

   EV+5:      It affects your evasion (+5).
   rElec:     It insulates you from electricity.
   rPois:     It protects you from poison.
   Will++:    It greatly increases your willpower.
   ^Drain:    It drains your maximum health when unequipped.
 d - the ring "Ohuqepy" {rC++ MP+9 Dex+4}
   (You found it on level 1 of the Swamp)

   [ring of magical power]

   Dex+4:     It affects your dexterity (+4).
   rC++:      It greatly protects you from cold.
   MP+9:      It affects your magic capacity (+9).
 f - a ring of resist corrosion
 g - a ring of see invisible
 q - the ring of Ugrol {Str+4 Dex+6}
   (You took it off a tengu reaver on level 14 of the Dungeon)

   [ring of dexterity]

   Str+4:     It affects your strength (+4).
   Dex+6:     It affects your dexterity (+6).
 r - a +4 ring of protection (left hand)
 s - an amulet of reflection (around neck)
 E - a ring of magical power
 F - a ring of wizardry
 H - a ring of willpower
 K - a ring of poison resistance
 T - a ring of positive energy
 X - a ring of fire
Wands
 m - a wand of mindburst (4)
 y - a wand of digging (5)
 A - a wand of polymorph (8)
 B - a wand of charming (34)
 J - a wand of quicksilver (15)
 W - a wand of warping (31)
Scrolls
 c - 9 scrolls of teleportation
 h - 3 scrolls of summoning
 j - 5 scrolls of fear
 o - 8 scrolls of revelation
 u - 3 scrolls of silence
 x - 7 scrolls of blinking
 G - 4 scrolls of fog
 S - 4 scrolls of poison
Potions
 e - 18 potions of curing
 i - 5 potions of enlightenment
 t - a potion of invisibility
 w - 7 potions of might
 C - 6 potions of haste
 D - 3 potions of resistance
 L - 4 potions of ambrosia
 P - a potion of cancellation
 Q - 7 potions of brilliance
 U - 5 potions of lignification
Miscellaneous
 n - a sack of spiders


   Skills:
 + Level 13.3 Fighting
 + Level 14.3 Ranged Weapons
 + Level 8.5 Armour
 + Level 9.7 Dodging
 - Level 3.0 Stealth
 + Level 6.6 Shields
 + Level 13.3 Spellcasting
 + Level 15.0 Conjurations
 - Level 3.0 Hexes
 - Level 1.3 Summonings
 - Level 5.0 Necromancy
 + Level 15.3 Earth Magic
 - Level 6.0 Alchemy
 - Level 4.0 Evocations


You had 3 spell levels left.
You knew the following spells:

 Your Spells              Type           Power      Damage    Failure   Level
a - Sandblast             Erth           100%       2d20      0%          1
b - Bombard               Conj/Erth      49%        9d8       1%          6
c - Brom's Barrelling Bo  Conj/Erth      99%        2d11      1%          4
d - Petrify               Alch/Erth      84%        N/A       1%          4
e - Leda's Liquefaction   Alch/Erth      42%        N/A       1%          4
f - Tukima's Dance        Hex            50%        N/A       1%          3
g - Fulminant Prism       Conj/Alch      42%        3d19      1%          4
h - Mephitic Cloud        Conj/Alch/Air  70%        N/A       1%          3
i - Borgnjor's Vile Clut  Necr/Erth      41%        N/A       1%          5
j - Orb of Destruction    Conj           49%        9d13      3%          7

Your spell library contained the following spells:

 Spells                   Type           Power      Damage    Failure   Level
 Magic Dart               Conj           100%       1d8       0%          1
 Passwall                 Erth           99%        N/A       0%          3
 Stone Arrow              Conj/Erth      100%       3d13      0%          3
 Kiss of Death            Conj/Necr      100%       2d13      1%          1
 Shock                    Conj/Air       100%       1d9       1%          1
 Sting                    Conj/Alch      100%       1d9       1%          1
 Summon Small Mammal      Summ           100%       N/A       1%          1
 Call Imp                 Summ           74%        N/A       1%          2
 Cigotuvi's Dreadful Rot  Necr/Alch/Air  100%       N/A       1%          2
 Ensorcelled Hibernation  Hex/Ice        76%        N/A       1%          2
 Jinxbite                 Hex            100%       N/A       1%          2
 Mercury Vapours          Alch/Air       100%       N/A       1%          2
 Sublimation of Blood     Necr           61%        N/A       1%          2
 Dazzling Flash           Conj/Hex       100%       N/A       1%          3
 Sigil of Binding         Hex            50%        N/A       1%          3
 Blink                    Tloc           52%        N/A       2%          2
 Lesser Beckoning         Tloc           52%        N/A       2%          2
 Call Canine Familiar     Summ           37%        N/A       2%          3
 Maxwell's Portable Pile  Tloc           26%        2d(7-21)  4%          3
 Swiftness                Air            26%        N/A       4%          3
 Teleport Other           Tloc           26%        N/A       4%          3
 Volatile Blastmotes      Fire/Tloc      52%        2d14      4%          3
 Animate Armour           Summ/Erth      100%       N/A       1%          4
 Animate Dead             Necr           61%        N/A       1%          4
 Iskenderun's Mystic Bla  Conj/Tloc      72%        2d15      (+2d81%     4
 Olgreb's Toxic Radiance  Alch           65%        N/A       1%          4
 Fireball                 Conj/Fire      36%        3d15      1%          5
 Iskenderun's Battlesphe  Conj           98%        2d14      1%          5
 Lee's Rapid Deconstruct  Erth           49%        3d23*     1%          5
 Anguish                  Hex/Necr       28%        N/A       3%          4
 Cause Fear               Hex            25%        N/A       4%          4
 Ignite Poison            Fire/Alch      50%        N/A       4%          4
 Curse of Agony           Necr           61%        N/A       6%          5
 Yara's Violent Unravell  Hex/Alch       29%        3d12      7%          5
 Dimensional Bullseye     Hex/Tloc       19%        N/A       9%          4
 Summon Blazeheart Golem  Fire/Summ      32%        N/A       12%         4
 Summon Lightning Spire   Summ/Air       32%        N/A       12%         4
 Airstrike                Air            13%        2d(2-18)  16%         4
 Vhi's Electric Charge    Tloc/Air       52%        N/A       16%         4
 Summon Mana Viper        Hex/Summ       44%        N/A       19%         5
 Eringya's Noxious Bog    Alch           32%        4d6       22%         6
 Silence                  Hex/Air        19%        N/A       24%         5
 Death Channel            Necr           30%        N/A       32%         6
 Summon Forest            Summ/Tloc      16%        N/A       34%         5
 Spellforged Servitor     Conj/Summ      37%        N/A       43%         7
 Magnavolt                Erth/Air       36%        3d18      52%         7
 Sculpt Simulacrum        Ice/Alch       25%        N/A       58%         6
 Summon Cactus Giant      Summ           18%        N/A       82%         6
 Gell's Gavotte           Tloc           13%        2d(17-25) 94%         6
 Enfeeble                 Hex            25%        N/A       99%         7
 Rimeblight               Ice/Necr       23%        2d6       (prima99%   7
 Ozocubu's Refrigeration  Ice            13%        4d10      100%        7
 Summon Hydra             Summ           18%        N/A       100%        7
 Dragon's Call            Summ           18%        N/A       100%        9
 Polar Vortex             Ice            13%        12d1*     100%        9


Dungeon Overview and Level Annotations

Branches:
Dungeon (15/15)            Temple (0/1) D:7            Lair (5/5) D:8
  Swamp (2/4) Lair:2        Snake (4/4) Lair:2        Slime (0/5) Lair:5
    Orc (2/2) D:10            Elf (3/3) Orc:2        Vaults (3/5) D:14
 Depths (2/4) D:15          IceCv (visited)
  Crypt: Vaults:2-3

Shops:
D:1 :((*:   D:5 !   D:7 *   Orc:2 [?:[   Elf:1 [   Elf:2 :==   Elf:3 *
Snake:1 =*   Snake:2 [([   Snake:3 (   Vaults:1 ?

Portals:
Hell: Depths:1
Abyss: Depths:2
Ziggurat: Depths:1
Trove: D:15 (give +5 ice dragon scales)

Annotations:
Lair:1 exclusions: komodo dragon and oklob plant
Swamp:1 2 transporters, grrhawk's ghost, adept CoGl
Elf:2 3 runed translucent doors
Elf:3 1 runed translucent door, exclusion: door, olmar's ghost, adept MDFE
Vaults:2 exclusion: downstairs
Vaults:3 Frederick


Innate Abilities, Weirdness & Mutations

You have an increased reservoir of magic. (+10% MP)
You shall have no god before yourself.
Your divine heritage dramatically boosts your attributes as you level up.


Message History

You shoot a slug. The slug misses Frederick.
Frederick mumbles some strange words.
The bolt of lightning hits you! You resist. The fiery plasma misses you.
You hear a roar!
You hear a shout!
Fire: a) +8 hand cannon of Charmed True Grit {speed, Fly rN+}
Press: ? - help, Q - select action, (/) - cycle Shift-Dir - straight line, f - spellforged servitor
Aim: a spellforged servitor (magical condensation, summoned, 76% to hit)
You shoot a slug.
The slug hits the spellforged servitor but does no damage.
Frederick hits you from afar with a +2 demon trident of venom!
Fire: a) +8 hand cannon of Charmed True Grit {speed, Fly rN+}
Press: ? - help, Q - select action, (/) - cycle Shift-Dir - straight line, f - Frederick, p - spellforged servitor
Aim: Frederick, wielding a +2 demon trident of venom, wearing a +2 plate armour of poison resistance and wearing the orb of the Past {*channel, Regen+} (almost dead, 70% to hit)
You shoot a slug.
The slug barely misses the spellforged servitor.
The slug closely misses Frederick.
You block Frederick's attack.
The spellforged servitor casts a spell at you.
The iron shot hits you!!
The spellforged servitor is knocked back by the blast.
Fire: a) +8 hand cannon of Charmed True Grit {speed, Fly rN+}
Press: ? - help, Q - select action, (/) - cycle Shift-Dir - straight line, f/p - Frederick
Aim: Frederick, wielding a +2 demon trident of venom, wearing a +2 plate armour of poison resistance and wearing the orb of the Past {*channel, Regen+} (almost dead, 70% to hit)
You shoot a slug. The slug hits Frederick!
Frederick is almost dead.
Frederick mumbles some strange words.
The bolt of lightning misses you. The fiery plasma misses you.
Fire: a) +8 hand cannon of Charmed True Grit {speed, Fly rN+}
Press: ? - help, Q - select action, (/) - cycle Shift-Dir - straight line, f/p - Frederick
Aim: Frederick, wielding a +2 demon trident of venom, wearing a +2 plate armour of poison resistance and wearing the orb of the Past {*channel, Regen+} (almost dead, 70% to hit)
You shoot a slug. The slug hits Frederick.
Frederick is almost dead.
The spellforged servitor gestures at you while chanting.
The iron shot hits you!!!
* * * LOW HITPOINT WARNING * * *
The spellforged servitor is knocked back by the blast.
Frederick casts a spell at you. The iron shot hits you!!!
You die...
Frederick says, "You don't even know how to die right."

###'## . #....## .#
#.....## ..# #......##
.. #......)##)###
#....9<).')..#
#......)###..#
#§°.@..## #.@○..##
#○.○.## #'##'#
####+###
#....)................
#.....................
#...############......
#... #...... #...
#...... # #......


You could see Frederick and a spellforged servitor (summoned).

Vanquished Creatures
  Bai Suzhen (Vaults:2)
  A caustic shrike (Depths:1)
  A tentacled monstrosity (Depths:2)
  A quicksilver dragon (Depths:2)
  2 deep elf blademasters (Elf:3)
  A sphinx (D:15)
  2 deep elf master archers (Elf:3)
  Gastronok (Lair:2)
  Aizul (Snake:3)
  A tengu reaver (D:14)
  Agnes (D:15)
  3 fire giants
  7 nagarajas
  2 frost giants (Depths:2)
  7 vault wardens
  3 deep elf sorcerers
  3 deep elf elementalists (Elf:3)
  3 orc warlords
  8 ironbound preservers
  A juggernaut skeleton (Depths:1)
  7 very ugly things
  3 formless jellyfish
  5 deep elf demonologists (Elf:3)
  7 stone giants
  4 ironbound thunderhulks (Vaults:2)
  A vampire knight (Depths:2)
  Nessos (Lair:3)
  4 deep elf annihilators
  5 deep elf death magi
  2 eleionomae
  A war gargoyle (Vaults:2)
  A bunyip (Swamp:2)
  3 spark wasps (Depths:2)
  14 dire elephants
  4 ettins
  2 crystal guardians
  4 fire dragons
  Josephine (D:14)
  3 deep elf high priests
  7 hydras
  2 ice dragons
  2 rakshasas (Depths:2)
  Erolcha (D:10)
  A great orb of eyes (Vaults:2)
  6 vault guards
  3 salamander tyrants (Snake:4)
  A death knight (Vaults:3)
  A peacekeeper (Vaults:1)
  13 centaur warriors
  An alligator (Swamp:2)
  6 ironbound frosthearts
  7 two-headed ogres
  An ogre mage (Orc:1)
  8 boulder beetles
  2 ghost crabs (Swamp:2)
  4 anacondas
  5 death yaks (Lair:3)
  A vampire mage (Depths:2)
  5 tengu warriors
  2 deep troll shamans
  6 orc high priests
  3 deep troll earth magi
  10 naga warriors
  3 shock serpents
  14 naga sharpshooters
  8 deep elf knights
  4 spriggan berserkers
  13 hell knights
  A storm dragon zombie (Depths:2)
  9 skeletal warriors (D:15)
  3 salamander mystics (Snake:4)
  9 deep elf archers
  A flayed ghost (Depths:2)
  2 iron trolls
  A goliath frog (Swamp:1)
  2 bog bodies (Swamp:2)
  2 spriggan druids (Swamp:2)
  30 deep trolls
  A golden dragon zombie (Depths:1)
  2 swamp dragons (Swamp:2)
  6 naga ritualists
  A glowing orange brain (Depths:2)
  4 mana vipers
  An obsidian bat (Orc:1)
  A spriggan simulacrum (IceCv)
  An orange crystal statue (D:10)
  12 lindwurms
  4 arcanists
  Pikel (D:8)
  6 harpies
  6 necromancers
  8 thermic dynamos
  19 dancing weapons
  2 human zombies (Vaults:1)
  30 deep elf pyromancers
  12 ironbound convokers
  21 deep elf zephyrmancers
  An oklob plant (Lair:3)
  5 orc knights
  2 wolf spiders
  38 ugly things
  An orc sorcerer (Orc:2)
  A manticore (D:15)
  Maurice (D:11)
  A moth of wrath (shapeshifter) (Depths:1)
  5 salamanders
  16 elephants
  4 cyclopes
  A human skeleton (Vaults:1)
  3 meliai (D:15)
  5 guardian serpents
  9 vault sentinels
  A water nymph (shapeshifter) (Depths:1)
  A fire giant skeleton (Depths:1)
  25 black mambas
  A kobold blastminer (Orc:2)
  15 naga magi
  2 gargoyles (D:14)
  12 cane toads
  An unseen horror (D:8)
  An ice statue (Snake:1)
  3 freezing wraiths (IceCv)
  2 torpor snails
  2 rime drakes
  10 yaktaurs
  3 efreet (D:14)
  8 komodo dragons
  An ice devil (IceCv)
  A golden dragon simulacrum (IceCv)
  A troll (shapeshifter) (D:14)
  5 polar bears
  10 trolls
  Grinder (D:6)
  A glass eye (Depths:2)
  An alligator simulacrum (IceCv)
  22 blink frogs
  An ettin zombie (Orc:1)
  13 hornets
  8 tyrant leeches
  13 dream sheep
  A vampire (D:13)
  6 air elementals
  26 slime creatures
  A spriggan skeleton (Depths:1)
  22 spriggans
  A shadow (D:12)
  Sigmund (D:4)
  5 fire elementals
  A spriggan (shapeshifter) (Elf:2)
  2 water elementals
  11 wraiths
  6 wyverns
  40 yaks
  4 wargs
  7 basilisks
  7 vampire mosquitoes
  A harpy simulacrum (IceCv)
  4 steam dragons
  A yaktaur simulacrum (Vaults:1)
  30 nagas
  2 acid dragons
  6 swamp worms
  7 water moccasins
  A black bear (shapeshifter) (D:14)
  A swamp drake (Swamp:1)
  7 black bears
  A sky beast (D:8)
  An ettin simulacrum (Depths:1)
  39 orc warriors
  7 ogres
  An orc zombie (Vaults:1)
  A laughing skull (D:14)
  3 boggarts (Lair:5)
  25 wolves
  A lemure (D:8)
  9 centaurs
  A kobold zombie (Orc:1)
  4 gnoll sergeants
  3 scorpions
  11 bullfrogs
  An earth elemental (Elf:2)
  A cyclops zombie (Orc:1)
  4 deep troll simulacra (IceCv)
  6 wights (D:8)
  12 killer bees (D:9)
  4 howler monkeys
  A bombardier beetle (D:3)
  3 electric eels
  A crimson imp (D:8)
  3 lava snakes (Lair:2)
  A jelly (D:4)
  22 orc priests
  A hound (D:6)
  3 sleepcaps (D:6)
  Jessica (D:2)
  3 gnoll boudas
  5 iguanas
  36 orc wizards
  A troll simulacrum (Orc:1)
  An ogre zombie (Orc:1)
  2 ogre skeletons (Orc:1)
  25 gnolls
  7 adders
  An orc skeleton (Orc:1)
  2 shadow imps (D:6)
  4 white imps
  4 ufetubi
  3 ribbon worms
  2 dart slugs (D:2)
  98 orcs
  4 ball pythons
  8 endoplasms
  4 giant cockroaches
  4 goblins
  9 hobgoblins
  7 kobolds
  2 quokkas
  2 bats
  6 frilled lizards
  2 rats (D:2)
  A fulminant prism (Vaults:3)
1333 creatures vanquished.

Vanquished Creatures (collateral kills)
  2 two-headed ogres
  A death yak (Lair:3)
  An orc knight (Orc:2)
  An orc (Orc:2)
  29 boulders
34 creatures vanquished.

Vanquished Creatures (others)
  A peacekeeper (Vaults:2)
  A deep elf knight (Elf:3)
  An arcanist (D:14)
  A manticore (D:14)
  A cyclops (D:14)
  2 dancing weapons
  A slime creature (D:14)
  An air elemental (Elf:2)
  A basilisk (D:14)
  34 boulders
  494 fulminant prisms
538 creatures vanquished.

Grand Total: 1905 creatures vanquished

Notes
Turn   | Place    | Note
-------+----------+-------------------------------------------
     0 | D:1      | packetloss the Demigod Earth Elementalist began the quest
                  | for the Orb.
     0 | D:1      | Reached XP level 1. HP: 14/14 MP: 5/5
    47 | D:1      | Reached skill level 1 in Conjurations
    55 | D:1      | Reached skill level 2 in Spellcasting
   134 | D:1      | Found Ozykk's Weapon Emporium.
   188 | D:1      | Reached XP level 2. HP: 20/20 MP: 5/7
   251 | D:1      | Found Qinwaeg's Assorted Antiques.
   299 | D:1      | Reached skill level 3 in Earth Magic
   332 | D:1      | Found Ycei's Book Shoppe.
   381 | D:1      | Found Roilem's Book Boutique.
   609 | D:1      | Found Teuwithe's Antique Weapon Shoppe.
   771 | D:2      | HP: 5/20 [quokka (2)]
   837 | D:2      | Reached XP level 3. HP: 21/26 MP: 6/9
   897 | D:2      | Noticed Jessica
   912 | D:2      | HP: 6/26 [Jessica/nerve-wracking pain (11)]
   914 | D:2      | Killed Jessica
   915 | D:2      | Reached skill level 2 in Conjurations
  1029 | D:2      | Reached XP level 4. HP: 33/33 MP: 8/10
  1413 | D:1      | Learned a level 3 spell: Stone Arrow
  1418 | D:1      | Learned a level 4 spell: Brom's Barrelling Boulder
  2716 | D:3      | Reached skill level 3 in Spellcasting
  2736 | D:3      | Reached XP level 5. HP: 38/38 MP: 6/12
  2826 | D:3      | Reached skill level 4 in Earth Magic
  2984 | D:3      | Reached skill level 3 in Conjurations
  3779 | D:4      | Noticed Sigmund
  3902 | D:5      | Entered Level 5 of the Dungeon
  3911 | D:4      | Reached XP level 6. HP: 17/45 MP: 8/14
  4229 | D:5      | Reached skill level 4 in Conjurations
  4418 | D:5      | Got the Almanac of the Snake
  4526 | D:5      | Reached skill level 5 in Earth Magic
  4526 | D:5      | Reached XP level 7. HP: 50/50 MP: 12/16
  4570 | D:5      | Found Foshour's Distillery.
  4802 | D:5      | Reached skill level 4 in Spellcasting
  5145 | D:6      | Noticed Grinder
  5190 | D:6      | Reached skill level 5 in Conjurations
  5626 | D:6      | Learned a level 4 spell: Petrify
  5749 | D:6      | You fall into a shaft and drop 3 floors!
  5793 | D:10     | Entered Level 10 of the Dungeon
  5807 | D:10     | Noticed a warg
  5937 | D:9      | Reached skill level 6 in Earth Magic
  5971 | D:9      | Reached XP level 8. HP: 22/57 MP: 10/18
  6375 | D:8      | Noticed Pikel
  6486 | D:8      | Reached skill level 6 in Conjurations
  6712 | D:8      | Learned a level 4 spell: Leda's Liquefaction
  6770 | D:7      | Found a staircase to the Ecumenical Temple.
  6875 | D:6      | Killed Grinder
  6876 | D:6      | Reached skill level 5 in Spellcasting
  6876 | D:6      | Reached skill level 7 in Earth Magic
  7488 | D:7      | Got the Quarto of the Monkey
  7660 | D:7      | Reached skill level 7 in Conjurations
  7660 | D:7      | Reached XP level 9. HP: 35/62 MP: 16/20
  7857 | D:7      | Found Rihimiar's Assorted Antiques.
  8211 | D:8      | Noticed a komodo dragon
  8227 | D:8      | Killed an unseen horror
  8228 | D:8      | Reached skill level 8 in Earth Magic
  8551 | D:8      | Found a staircase to the Lair.
  8713 | D:8      | Reached skill level 1 in Fighting
  8842 | D:8      | Reached skill level 8 in Conjurations
  9114 | Lair:1   | Entered Level 1 of the Lair of Beasts
  9246 | Lair:1   | Reached skill level 6 in Spellcasting
  9298 | Lair:1   | Reached skill level 2 in Fighting
  9343 | Lair:1   | Noticed a komodo dragon
  9504 | Lair:1   | Reached XP level 10. HP: 74/74 MP: 20/23
  9606 | Lair:1   | Noticed an oklob plant
  9628 | Lair:1   | Reached skill level 3 in Fighting
  9628 | Lair:1   | Reached skill level 9 in Earth Magic
  9750 | Lair:1   | Noticed a black mamba
 10306 | Lair:2   | Reached skill level 2 in Stealth
 10351 | Lair:2   | Identified the +2 leather armour of Gygixeepn {Str+2}
 10505 | Lair:1   | Reached skill level 4 in Fighting
 10550 | Lair:1   | Reached skill level 9 in Conjurations
 11146 | Lair:1   | Killed a black mamba
 11147 | Lair:1   | Reached skill level 7 in Spellcasting
 11347 | Lair:2   | Reached skill level 3 in Stealth
 11357 | Lair:2   | Noticed an elephant
 11574 | Lair:2   | Found the +13 scythe of Curses {drain, curses, ^Drain}
 11589 | Lair:2   | Noticed Gastronok
 11811 | Lair:2   | Reached XP level 11. HP: 85/85 MP: 12/26
 11913 | Lair:2   | Found a staircase to the Snake Pit.
 12012 | Lair:2   | Reached skill level 5 in Fighting
 12322 | Lair:2   | Reached skill level 10 in Earth Magic
 12668 | Lair:2   | Found a staircase to the Swamp.
 12688 | Lair:2   | Killed Gastronok
 12889 | Lair:3   | Reached skill level 6 in Fighting
 12889 | Lair:3   | Reached skill level 8 in Spellcasting
 12893 | Lair:3   | Reached skill level 10 in Conjurations
 13135 | Lair:3   | Noticed a death yak
 13141 | Lair:3   | Noticed a death yak
 13438 | D:4      | Killed Sigmund
 13984 | D:8      | Found a staircase to the Lair.
 14064 | D:8      | Killed Pikel
 14155 | D:9      | Reached skill level 1 in Alchemy
 14396 | D:9      | Noticed a two-headed ogre
 14408 | D:9      | Killed a two-headed ogre
 14886 | D:9      | Noticed a two-headed ogre
 14925 | D:9      | Killed a two-headed ogre
 14926 | D:9      | Reached skill level 2 in Alchemy
 15384 | D:10     | Noticed Erolcha
 15541 | D:10     | Noticed a two-headed ogre
 15586 | D:9      | Learned a level 3 spell: Tukima's Dance
 15646 | D:10     | Noticed an orange crystal statue
 15653 | D:10     | Learned a level 4 spell: Fulminant Prism
 15704 | D:10     | Killed a two-headed ogre
 15705 | D:10     | Reached XP level 12. HP: 88/97 MP: 22/28
 15814 | D:10     | Found a staircase to the Orcish Mines.
 16176 | Orc:1    | Entered Level 1 of the Orcish Mines
 16181 | D:10     | Reached skill level 1 in Hexes
 16227 | D:10     | Learned a level 3 spell: Mephitic Cloud
 16574 | Orc:1    | Reached skill level 7 in Fighting
 17121 | Orc:1    | Reached skill level 3 in Alchemy
 17151 | Orc:1    | HP: 17/100 [ettin zombie[a necromancer] (17)]
 17153 | Orc:1    | HP: 5/100 [ettin zombie[a necromancer] (13)]
 17420 | Orc:1    | Reached skill level 11 in Earth Magic
 17670 | Orc:1    | Reached skill level 2 in Hexes
 18350 | Orc:1    | Noticed an ogre mage
 18541 | Orc:1    | Killed an ogre mage
 18816 | Orc:1    | Reached skill level 9 in Spellcasting
 19180 | Orc:1    | Reached skill level 3 in Hexes
 19272 | Orc:2    | Entered Level 2 of the Orcish Mines
 19402 | Orc:2    | Found a staircase to the Elven Halls.
 19618 | Orc:2    | Reached skill level 4 in Alchemy
 19744 | Orc:2    | Reached skill level 11 in Conjurations
 19830 | Orc:2    | Noticed an orc warlord
 20853 | Orc:2    | Killed an orc warlord
 21473 | Orc:2    | Reached skill level 8 in Fighting
 21495 | Orc:2    | Reached XP level 13. HP: 86/107 MP: 12/31
 22415 | Orc:2    | Reached skill level 5 in Alchemy
 22794 | Orc:2    | Found Ybeovud's Armour Shoppe.
 22794 | Orc:2    | Found Tynupi's Book Shoppe.
 22795 | Orc:2    | Found Tygayt's Magic Scroll Emporium.
 22795 | Orc:2    | Found Jecerr's Armour Shoppe.
 23119 | D:1      | Bought an ichor-stained rapier for 252 gold pieces
 23119 | D:1      | Identified the +2 rapier of Extermination {protect, Int+3
                  | Stlth+} (You bought it in a shop on level 1 of the Dungeon)
 23449 | Orc:2    | Bought a book of Unlife for 576 gold pieces
 23455 | Orc:2    | Learned a level 5 spell: Borgnjor's Vile Clutch
 23528 | Elf:1    | Entered Level 1 of the Elven Halls
 23934 | Lair:3   | Reached skill level 2 in Dodging
 24227 | Lair:3   | Reached skill level 1 in Necromancy
 24616 | Lair:3   | Noticed Nessos
 25136 | Lair:3   | Killed Nessos
 25137 | Lair:3   | Reached skill level 12 in Earth Magic
 25585 | Lair:3   | Reached skill level 3 in Dodging
 25768 | Lair:3   | Reached skill level 2 in Necromancy
 25821 | Lair:3   | Identified the +1 chain mail of Vasmukif {rElec rPois
                  | Int+2}
 26672 | Lair:3   | Reached skill level 10 in Spellcasting
 27024 | Lair:4   | Reached skill level 9 in Fighting
 28215 | Lair:4   | Reached skill level 3 in Necromancy
 28527 | Lair:4   | Reached skill level 12 in Conjurations
 28539 | Lair:4   | Reached skill level 4 in Dodging
 28783 | Lair:4   | Upgraded the game from 0.32-a0-975-g85d4e5bfdb to
                  | 0.32-a0-981-g384da2ce10
 29046 | Lair:4   | Reached XP level 14. HP: 118/118 MP: 26/33
 29744 | Lair:5   | Entered Level 5 of the Lair of Beasts
 30417 | Lair:5   | Found a staircase to the Slime Pits.
 30578 | Lair:5   | HP: 22/118 [spriggan rider/+0 spear (9)]
 31538 | Lair:5   | Reached skill level 5 in Dodging
 33084 | Snake:1  | Entered Level 1 of the Snake Pit
 33174 | Snake:1  | Found a glacial archway.
 33494 | IceCv    | Entered an ice cave
 33497 | IceCv    | HP: 28/119 [harpy simulacrum (15)]
 33502 | IceCv    | HP: 25/119 [poisoned by a naga mage (splash of poison)]
 33770 | IceCv    | Reached skill level 10 in Fighting
 33789 | IceCv    | HP: 24/121 [deep troll simulacrum (22)]
 35035 | Snake:1  | Found Ziusoi's Gadget Gallery.
 35134 | Snake:1  | Reached skill level 13 in Earth Magic
 35270 | Snake:1  | Found Vaxteuvu's Jewellery Shoppe.
 35438 | Snake:2  | Reached skill level 6 in Dodging
 35647 | Snake:1  | Reached skill level 11 in Spellcasting
 36071 | Snake:2  | Found Goleucs's Antique Armour Shoppe.
 36707 | Snake:2  | Found Eqepsius's Armour Shop.
 36712 | Snake:2  | Found Lesiziar's Antique Weapon Shop.
 36953 | Snake:2  | Found Eqepsius's Armour Shop.
 36959 | Snake:2  | Found Lesiziar's Antique Weapon Shop.
 36996 | Snake:2  | Found Goleucs's Antique Armour Shoppe.
 37647 | Snake:3  | Found Kasuem's Weapon Boutique.
 37797 | Snake:3  | Reached skill level 1 in Armour
 37797 | Snake:3  | Reached XP level 15. HP: 95/128 MP: 18/35
 38077 | D:7      | Bought a scroll of teleportation for 69 gold pieces
 38077 | D:7      | Bought a potion of heal wounds for 115 gold pieces
 38077 | D:7      | Bought a scroll of identify for 46 gold pieces
 38077 | D:7      | Bought a potion of curing for 69 gold pieces
 38226 | D:1      | Bought a scroll of identify for 60 gold pieces
 38226 | D:1      | Bought a scroll of identify for 60 gold pieces
 38551 | Orc:2    | Bought a book of Dangerous Friends for 672 gold pieces
 38957 | Snake:3  | Noticed a nagaraja
 38978 | Snake:3  | Killed a nagaraja
 39198 | Snake:3  | Noticed a nagaraja
 39208 | Snake:3  | Killed a nagaraja
 39336 | Snake:3  | Noticed a nagaraja
 39347 | Snake:3  | Killed a nagaraja
 39348 | Snake:3  | Reached skill level 13 in Conjurations
 39352 | Snake:3  | HP: 30/128 [poisoned by a nagaraja (poison arrow)]
 39357 | Snake:3  | HP: 22/128 [poisoned by a nagaraja (poison arrow)]
 39854 | Snake:3  | Noticed a nagaraja
 39854 | Snake:3  | Identified the serpent talisman "Jeczorche" {rF- rC+ Int+3
                  | Stlth+}
 39854 | Snake:3  | Noticed Aizul
 39879 | Snake:3  | Killed a nagaraja
 40177 | Snake:3  | Reached skill level 2 in Armour
 40213 | Snake:3  | HP: 30/128 [poisoned by Aizul (bolt of poison)]
 40213 | Snake:3  | Killed Aizul
 40215 | Snake:3  | HP: 12/128 [naga sharpshooter/arrow (15)]
 40220 | Snake:3  | HP: 25/128 [poisoned by Aizul (bolt of poison)]
 41050 | Snake:4  | Entered Level 4 of the Snake Pit
 41615 | Snake:4  | Reached skill level 4 in Necromancy
 41621 | Snake:4  | Reached skill level 7 in Dodging
 42840 | Snake:4  | Reached skill level 3 in Armour
 43735 | Snake:4  | Reached skill level 1 in Summonings
 43735 | Snake:4  | Reached skill level 6 in Alchemy
 44209 | Snake:4  | Noticed a nagaraja
 44220 | Snake:4  | Killed a nagaraja
 44221 | Snake:4  | Reached skill level 11 in Fighting
 44634 | Snake:4  | Noticed a nagaraja
 44645 | Snake:4  | Killed a nagaraja
 44703 | Snake:4  | Reached skill level 1 in Ranged Weapons
 45087 | Snake:4  | HP: 32/129 [poisoned by a naga ritualist (toxic radiance)]
 45092 | Snake:4  | HP: 29/129 [poisoned by a naga ritualist (toxic radiance)]
 45777 | Snake:4  | Noticed a nagaraja
 45789 | Snake:4  | Killed a nagaraja
 45797 | Snake:4  | HP: 28/115 [poisoned by a nagaraja (bolt of poison)]
 46081 | Snake:4  | Identified a scroll of acquirement
 46091 | Snake:4  | Got a serpentine rune of Zot
 46440 | D:11     | Noticed Maurice
 46450 | D:11     | Killed Maurice
 47966 | D:12     | Identified the +2 cloak "Ocsaceemokh" {+Blink rF++ rCorr
                  | Str-2}
 48387 | Elf:1    | Reached skill level 2 in Ranged Weapons
 48397 | Elf:1    | Reached skill level 4 in Armour
 48400 | Elf:1    | Reached skill level 5 in Necromancy
 48408 | Orc:2    | Reached XP level 16. HP: 137/137 MP: 10/36
 48791 | Elf:1    | Learned a level 7 spell: Orb of Destruction
 49031 | Elf:1    | Reached skill level 3 in Ranged Weapons
 49427 | Elf:1    | Identified the +7 mace of the Purse {freeze, *Rage rF+ rC+
                  | SInv}
 49449 | Elf:1    | HP: 27/137 [thermic dynamo/rebounding bolt of cold (37)]
 49879 | Elf:1    | Reached skill level 4 in Ranged Weapons
 49963 | Elf:1    | Paralysed by an air elemental for 1 turns
 50457 | Elf:1    | Paralysed by an air elemental for 1 turns
 50524 | Elf:1    | Reached skill level 5 in Ranged Weapons
 50611 | Elf:1    | Found Bunapaoh's Armour Boutique.
 51601 | Elf:2    | Reached skill level 6 in Ranged Weapons
 51704 | Elf:2    | Paralysed by an air elemental for 1 turns
 52426 | Elf:2    | Reached skill level 7 in Ranged Weapons
 52593 | Elf:3    | Entered Level 3 of the Elven Halls
 53221 | Elf:2    | Reached skill level 8 in Ranged Weapons
 53850 | Elf:2    | Found a runed translucent gate.
 53855 | Elf:2    | Found a runed translucent gate.
 53855 | Elf:2    | Found a runed translucent gate.
 54287 | Elf:2    | Found Kumi Ley's Book Emporium.
 54288 | Elf:2    | Found Tacurchoj's Jewellery Boutique.
 54288 | Elf:2    | Found Irrini's Jewellery Boutique.
 54551 | Elf:2    | Upgraded the game from 0.32-a0-981-g384da2ce10 to
                  | 0.32-a0-986-ga09f62fbf4
 54811 | Swamp:1  | Entered Level 1 of the Swamp
 54969 | Swamp:1  | Reached skill level 9 in Ranged Weapons
 55619 | Swamp:1  | Found a transporter.
 55697 | Swamp:1  | Found a transporter.
 55700 | Swamp:1  | Noticed grrhawk's ghost (adept CoGl)
 55832 | Swamp:1  | Identified the ring "Ohuqepy" {rC++ MP+9 Dex+4}
 56293 | Swamp:1  | Found a transporter.
 56315 | Swamp:1  | Found a transporter.
 56810 | Swamp:2  | Reached skill level 10 in Ranged Weapons
 57737 | Swamp:2  | HP: 33/137 [death yak[a spriggan berserker] (26)]
 58464 | D:13     | Reached skill level 11 in Ranged Weapons
 59235 | D:14     | Reached XP level 17. HP: 144/144 MP: 21/38
 59303 | D:14     | Noticed Josephine
 59311 | D:14     | Killed Josephine
 59903 | D:14     | Reached skill level 12 in Ranged Weapons
 60218 | D:14     | Found a gate to the Vaults.
 61550 | D:14     | Identified the ring of Ugrol {Str+4 Dex+6}
 61985 | D:14     | HP: 21/144 [deep elf high priest/damnation (36)]
 61986 | D:14     | HP: 2/144 [tengu reaver/bolt of cold (20)]
 62267 | Vaults:1 | Entered Level 1 of the Vaults
 62506 | D:14     | Acquired the +8 hand cannon of Charmed True Grit {speed,
                  | Fly rN+}
 62615 | D:10     | Killed Erolcha
 62893 | Vaults:1 | Found Lumaqe's Magic Scroll Boutique.
 62896 | Vaults:1 | Bought a scroll of blinking for 90 gold pieces
 62896 | Vaults:1 | Bought a scroll of teleportation for 36 gold pieces
 62896 | Vaults:1 | Bought a scroll of teleportation for 36 gold pieces
 63173 | Orc:2    | Bought a scroll of identify for 22 gold pieces
 63706 | Vaults:1 | Reached skill level 5 in Armour
 63887 | Vaults:1 | Reached skill level 1 in Shields
 64036 | Vaults:1 | Reached skill level 12 in Spellcasting
 64042 | Vaults:1 | Reached skill level 14 in Earth Magic
 64293 | D:14     | HP: 35/146 [poisoned by a tengu reaver (bolt of poison)]
 64298 | D:14     | HP: 31/146 [poisoned by a tengu reaver (bolt of poison)]
 65101 | D:15     | Entered Level 15 of the Dungeon
 65195 | D:15     | Noticed Agnes
 65204 | D:15     | Killed Agnes
 65209 | D:15     | Reached skill level 2 in Shields
 65414 | D:15     | Reached skill level 13 in Ranged Weapons
 66178 | D:15     | Found a portal to a secret trove of treasure.
 66380 | D:15     | Found a staircase to the Depths.
 66685 | D:10     | Upgraded the game from 0.32-a0-986-ga09f62fbf4 to
                  | 0.32-a0-995-gb4a59205af
 66898 | Depths:1 | Entered Level 1 of the Depths
 67374 | Elf:2    | Found Kumi Ley's Book Emporium.
 67375 | Elf:2    | Found Tacurchoj's Jewellery Boutique.
 67375 | Elf:2    | Found Irrini's Jewellery Boutique.
 67550 | Elf:2    | Found a runed translucent gate.
 67551 | Elf:2    | Found a runed translucent gate.
 67551 | Elf:2    | Found a runed translucent gate.
 68001 | Elf:3    | Found Yfuur's Elven Fire.
 68022 | Elf:3    | Reached skill level 12 in Fighting
 68303 | Elf:3    | Found a runed translucent door.
 68304 | Elf:3    | Noticed olmar's ghost (adept MDFE)
 68312 | Elf:3    | Reached skill level 3 in Shields
 68640 | Elf:3    | Reached skill level 6 in Armour
 68648 | Elf:3    | Reached XP level 18. HP: 142/154 MP: 17/39
 68657 | Elf:3    | Reached skill level 14 in Conjurations
 69891 | Elf:3    | Found Yfuur's Elven Fire.
 70835 | Elf:3    | Identified the +0 longbow "Asaeq" {heavy, +Blink Str+3
                  | Int+3 Dex+3}
 70921 | Elf:3    | Identified the ring "Devog" {^Drain rElec rPois Will++
                  | EV+5}
 71249 | Elf:3    | Identified the +4 scimitar "Figiufur" {flame, rPois rF+
                  | rC+}
 71392 | Elf:3    | Got the Guide on the Boulder and Company
 71544 | Elf:3    | Identified the +0 ring mail of the Ego {Regen+ Slay+5}
 71551 | Elf:3    | Identified the +6 trident of Anguish {flame, rPois rF+
                  | Str+3}
 72100 | D:14     | Reached skill level 4 in Shields
 72333 | Vaults:1 | Reached skill level 8 in Dodging
 73099 | D:14     | Reached skill level 1 in Evocations
 74805 | Vaults:1 | Reached skill level 7 in Armour
 74809 | Vaults:1 | Reached skill level 2 in Evocations
 75938 | Vaults:2 | Paralysed by a formless jellyfish for 1 turns
 76487 | Vaults:3 | Identified the orb of the Past {*channel, Regen+}
 76487 | Vaults:3 | Noticed Frederick
 76743 | Vaults:2 | HP: 26/154 [ironbound frostheart/creeping frost (32)]
 77221 | Vaults:2 | Reached skill level 5 in Shields
 77745 | Vaults:2 | HP: 38/156 [vault warden/+1 battleaxe of venom (7)]
 77747 | Vaults:2 | HP: 12/156 [poisoned by a vault warden]
 78225 | D:14     | Learned a level 6 spell: Bombard
 78439 | D:15     | Reached skill level 3 in Evocations
 78442 | D:15     | Reached XP level 19. HP: 156/162 MP: 20/41
 78795 | Depths:1 | Identified the +8 chain mail "Tefouw" {*Corrode Int+5}
 80185 | Depths:1 | Reached skill level 15 in Earth Magic
 80285 | Depths:1 | Found a gateway to Hell.
 80339 | Depths:1 | Reached skill level 13 in Spellcasting
 80517 | Depths:1 | Reached skill level 9 in Dodging
 80759 | Depths:1 | Found a one-way gateway to a ziggurat.
 80988 | Depths:1 | Reached skill level 14 in Ranged Weapons
 81383 | Depths:1 | Found a one-way gateway to a ziggurat.
 81383 | Depths:1 | Found a gateway to Hell.
 81969 | Depths:2 | Reached skill level 13 in Fighting
 82549 | Depths:2 | Reached skill level 4 in Evocations
 82706 | Depths:2 | Found a one-way gate to the infinite horrors of the Abyss.
 83267 | Depths:2 | Reached skill level 8 in Armour
 83267 | Depths:2 | Reached skill level 6 in Shields
 84357 | Depths:2 | Noticed a caustic shrike
 84399 | Depths:2 | Noticed a caustic shrike
 84400 | Depths:2 | Noticed a caustic shrike
 84401 | Depths:2 | Noticed a caustic shrike
 84584 | Depths:1 | Killed a caustic shrike
 85718 | Vaults:2 | Noticed Bai Suzhen
 86090 | Vaults:2 | Killed Bai Suzhen
 86584 | Vaults:2 | Reached skill level 15 in Conjurations
 86857 | Vaults:3 | HP: 37/163 [spellforged servitor/iron shot[Frederick] (51)]
 86857 | Vaults:3 | Killed from afar by Frederick

Illustrated notes

Levels and vault maps discovered:
D:1:      dpeg_arrival_stone_temple_mockup, layout_rooms, serial_shops,
          nicolae_shop_rolling_square, nicolae_lakefront_shop, shop, shop,
          nicolae_shop_waterfront
D:2:      layout_basic, serial_forest, infiniplex_forest_clump_tiny,
          infiniplex_forest_clump_medium, infiniplex_forest_straight_2,
          infiniplex_forest_clump_small, infiniplex_forest_clump_small,
          infiniplex_forest_end_3, infiniplex_forest_clump_medium,
          minmay_small_reverse_x, uniq_jessica
D:3:      layout_loops_cross
D:4:      layout_loops_ring, hangedman_decor_points, uniq_sigmund
D:5:      layout_loops_ring, chequers_temple_overflow_minitemple,
          gammafunk_temple_overflow_elements, serial_shops, shop,
          hangedman_abyss_or_decor_passed
D:6:      layout_gridville, uniq_grinder
D:7:      layout_loops_ring, minmay_temple_entry_tees, serial_shops,
          kennysheep_little_box, minmay_misc_feat_alley
D:8:      layout_basic, grunt_temple_overflow_champion_of_chaos,
          general_overflow_altar, old_standard_altar,
          mainiacjoe_overflow_surrounded_room, grunt_lair_entry_orc_guard_hut,
          uniq_pikel
D:9:      layout_loops_corners
D:10:     layout_loops_ring, minmay_orc_entry_guard_dogs, serial_bayou_pond_c,
          minmay_statue_bubble, uniq_erolcha
D:11:     layout_roguey, uniq_maurice
D:12:     layout_loops_corners
D:13:     layout_big_octagon
D:14:     nzn_winding_woodlands_large [nzn_winding_woodlands_5x5_closed_star,
          nzn_winding_woodlands_5x15_parted, nzn_winding_woodlands_5x5_default,
          nzn_winding_woodlands_center_triple_pond,
          nzn_winding_woodlands_15x15_five_gardens,
          nzn_winding_woodlands_center_pierced_h,
          nzn_winding_woodlands_5x5_open_star,
          nzn_winding_woodlands_5x15_sawtooth,
          nzn_winding_woodlands_5x5_default], layout_basic, david_vaults_1,
          chequers_arboretum, uniq_josephine
D:15:     hangedman_depths_entry_try_elsewhere_first, layout_cave_pods,
          nicolae_trove_entry_crossroad, nicolae_ru_path_of_blood, uniq_agnes
Lair:1:   layout_layer_cave, minmay_lair_oklob_bushes, serial_bayou_shore_b,
          grunt_megastairs_4
Lair:2:   layout_regular_city, minmay_swamp_entry_worms,
          nicolae_snake_entry_warm_welcome, uniq_gastronok
Lair:3:   layout_regular_city, chequers_serial_rivers_small_b,
          minmay_lair_oklob_items, uniq_nessos
Lair:4:   layout_long_grid, pdpol_lair_cavern_descent
Lair:5:   minmay_lair_end_enchanted_forest, layout_long_grid, slime_entry_1
Swamp:1:  layout_falls_marsh, gammafunk_ghost_berserking_beasts,
          serial_swamp_ruin, evilmike_swamp_ruin_house_1,
          evilmike_swamp_ruin_rubble_1, swamp_pool_3
Swamp:2:  layout_basic_swamp, evilmike_swamp_ruin_house_6, swamp_pool_1_2,
          nicolae_swamp_feature_on_the_river_bank, infiniplex_staircase_pool_2
Snake:1:  layout_misc_corridors, serial_shops, shop,
          portal_ice_cave_entry_ice_statue_one, nicolae_shop_gadgets
Snake:2:  layout_misc_corridors, serial_shops, nicolae_diamond_shop,
          minmay_shop_star
Snake:3:  nicolae_aizul_guard, layout_misc_corridors, serial_shops,
          nicolae_shop_bloodbath_and_beyond
Snake:4:  snake_pit, layout_grid_shapes
Orc:1:    dreamdust_under_siege, layout_diamond_mine
Orc:2:    st_orc_pillars, layout_diamond_mine
Elf:1:    minmay_elf_arrival_plus, layout_loops_corners, serial_shops,
          nicolae_shop_trees, serial_co_window_serial, co_window_paths_b,
          co_window_corner_a, co_window_paths_a, co_window_paths_a,
          co_window_paths_a, co_window_paths_a, co_window_of_opportunity_a,
          co_window_paths_a, co_window_paths_a, co_window_unsneaky_path_e,
          co_window_of_opportunity_b, co_window_unsneaky_path_b,
          co_window_of_opportunity_c, co_window_corner_b, co_window_2corner,
          glass_columns_b, glass_columns_c, glass_columns_b,
          nicolae_elf_altarnating
Elf:2:    nicolae_elf_blades_crystal_corner, layout_gridlike, minmay_shop_grove
Elf:3:    elf_hall_gauntlet_wide, layout_loops_ring, ebering_ghost_inner_flame,
          serial_sigils_hangedman_leer, guppyfry_elf_lava
Vaults:1: vaults_room_pool, ontoclasm_vaults_idyll, grunt_vaults_swirl,
          nicolae_vaults_closet_pinwheel_5, nicolae_vaults_closet_pinwheel_5,
          vaults_room_semicircle, v_misc_18, vaults_mumra_minichess,
          nicolae_vaults_alarming, ontoclasm_vaults_ligature,
          nicolae_vaults_two_Ls, nicolae_vaults_little_squares_5,
          layout_vaults_quadrants, serial_shops, nicolae_shop_rolled_up
Vaults:2: v_rooms_3, v_misc_30, nicolae_vaults_network_barrier,
          nicolae_vaults_trapezoid_1, nicolae_vaults_off_center_swirl,
          nicolae_vaults_stairing_the_circle, nicolae_vaults_closet_pinwheel_2,
          nicolae_vaults_storage_room_doors, vaults_room_boxed,
          nicolae_vaults_apartment_2, ontoclasm_vaults_idyll, vaults_room_pool,
          nicolae_vaults_trapezoid_lopsided_3, layout_vaults_maze,
          uniq_bai_suzhen
Vaults:3: lightli_orcish_oven, minmay_crypt_entry_simple_walls,
          nicolae_vaults_trapezoid_lopsided_3, nicolae_vaults_oozy_zoo,
          hangedman_vaults_capsules, nicolae_vaults_network_square, v_pattern_1,
          nicolae_vaults_house_3, nicolae_vaults_diamond_1,
          vaults_room_ringed_pool, nicolae_vaults_storage_closets_3,
          nicolae_vaults_sightless_eye, serial_library_hellmonk_open_cross,
          nicolae_vaults_layer_cake_slice, nicolae_vaults_layer_cake_slice,
          layout_vaults_omnibox, uniq_frederick
Depths:1: layout_cave_shapes, enter_ziggurat_b, hell_entry,
          nemelex_spade_bored_becter, serial_library_hellmonk_semicircle,
          kennysheep_generic_room_11
Depths:2: grunt_twisty_corner, layout_honeycomb, okawaru_gym_becter,
          serial_co_window_serial, co_window_of_opportunity_a,
          co_window_corner_a, co_window_of_opportunity_a, co_window_paths_a,
          co_window_paths_a, co_window_corner_a, co_window_of_opportunity_a,
          co_window_broadway_c, co_window_paths_c, co_window_of_opportunity_c,
          co_window_4corner_b, glass_columns_a, glass_columns_b,
          glass_columns_c, glass_columns_b, glass_columns_b, hell_entry,
          pan_entry, abyss_entry_glasseish, uniq_nikola

Skill      XL: |  1  2  3  4  5  6  7  8  9 10 11 12 13 14 15 16 17 18 19 |
---------------+----------------------------------------------------------+-----
Conjurations   | 1 2 3 4 5 7 8 9 10 11 12 13 14 15 | 15.0
Spellcasting   | 2 3 4 5 6 7 8 9 10 11 12 13 | 13.3
Earth Magic    | 3 4 5 6 7 8 9 10 11 12 13 14 15 | 15.3
Fighting       | 2 4 6 8 9 10 11 12 13 | 13.3
Stealth        | 3 |  3.0
Alchemy        | 2 4 5 6 |  6.0
Hexes          | 3 |  3.0
Dodging        | 4 6 7 8 9 |  9.7
Necromancy     | 3 5 |  5.0
Armour         | 1 4 6 7 8 |  8.5
Summonings     | 1 |  1.3
Ranged Weapons | 2 11 13 14 | 14.3
Shields        | 3 5 6 |  6.6
Evocations     | 3 4 |  4.0

Action                     |  1- 3 |  4- 6 |  7- 9 | 10-12 | 13-15 | 16-18 | 19-21 || total
---------------------------+-------+-------+-------+-------+-------+-------+-------++-------
  Melee: Dagger            |     6 |       |       |    14 |       |       |       ||    20
   Fire: Sling             |       |     5 |    94 |   264 |   354 |       |       ||   717
         Shortbow          |       |       |       |       |    79 |   243 |       ||   322
         Orcbow            |       |       |       |       |       |   174 |       ||   174
         Hand cannon       |       |       |       |       |       |   556 |   340 ||   896
   Cast: Sandblast         |    44 |   126 |   149 |   241 |   121 |     1 |       ||   682
         Stone Arrow       |       |     3 |    20 |   230 |   270 |    25 |       ||   548
         Brom's Barrelling |       |       |     2 |    10 |    91 |     5 |       ||   108
         Leda's Liquefacti |       |       |     1 |     2 |       |       |       ||     3
         Tukima's Dance    |       |       |       |    17 |     6 |       |       ||    23
         Mephitic Cloud    |       |       |       |    39 |    13 |    10 |     1 ||    63
         Fulminant Prism   |       |       |       |    17 |   195 |   255 |    29 ||   496
         Petrify           |       |       |       |     5 |       |       |       ||     5
         Borgnjor's Vile C |       |       |       |       |   169 |   347 |   103 ||   619
         Orb of Destructio |       |       |       |       |       |    86 |    60 ||   146
         Bombard           |       |       |       |       |       |     5 |    40 ||    45
Ability: Evoke Blink       |       |       |       |       |       |     3 |     1 ||     4
  Evoke: Wand              |       |       |       |     1 |     3 |     1 |       ||     5
         Sack of spiders   |       |       |       |       |       |     1 |       ||     1
    Use: Scroll            |       |       |     9 |     5 |    14 |    17 |     4 ||    49
         Potion            |       |       |     1 |       |     7 |     5 |     1 ||    14
   Stab: Petrified         |       |       |       |     5 |       |       |       ||     5
         Confused          |       |       |       |     2 |       |       |       ||     2
 Armour: Robe              |    12 |    54 |    51 |       |       |       |       ||   117
         Steam dragon scal |       |       |    30 |   232 |   561 |   565 |   152 ||  1540
  Dodge: Dodged            |    12 |    62 |    52 |   164 |   376 |   352 |   135 ||  1153
  Block: Other             |       |    13 |    22 |    53 |   148 |    59 |       ||   295
         Reflection        |       |       |     1 |     1 |    27 |    39 |     6 ||    74
         Buckler           |       |       |       |       |       |   169 |   123 ||   292

Table legend: (Time is in decaauts)
 A = Elapsed time spent in this place.
 B = Non-inter-level travel time spent in this place.
 C = Inter-level travel time spent in this place.
 D = Time resting spent in this place.
 E = Time spent auto-exploring this place.
 F = Levels seen in this place.
 G = Mean time per level.
                   A        B        C        D        E       F      G
               +--------+--------+--------+--------+--------+-----+--------+
         Total |  87779 |  79804 |   7975 |  35785 |  22799 |  37 | 2372.4 |
       Dungeon |  26914 |  23188 |   3726 |   8925 |   8863 |  15 | 1794.3 |
          Lair |  14672 |  13490 |   1182 |   5805 |   3646 |   5 | 2934.4 |
         Swamp |   3273 |   3143 |    130 |   1319 |   1281 |   2 | 1636.5 |
     Snake Pit |  11380 |  10826 |    554 |   6390 |   2088 |   4 | 2845.0 |
  Orcish Mines |   6947 |   5835 |   1112 |   2941 |    620 |   2 | 3473.5 |
   Elven Halls |  10394 |   9755 |    639 |   4313 |   2997 |   3 | 3464.7 |
        Vaults |   8520 |   7949 |    571 |   3298 |   1795 |   3 | 2840.0 |
        Depths |   5367 |   5308 |     59 |   2549 |   1508 |   2 | 2683.5 |
      Ice Cave |    308 |    308 |      0 |    243 |      0 |   1 |  308.0 |
               +--------+--------+--------+--------+--------+-----+--------+

Top non-repeatable levels by time:
Vaults:1: 5030 daAuts
 Snake:3: 4762 daAuts
  Lair:3: 3982 daAuts
    D:14: 3831 daAuts
   Elf:1: 3690 daAuts
   Elf:3: 3580 daAuts
   Orc:2: 3561 daAuts
   Orc:1: 3386 daAuts
  Lair:2: 3190 daAuts
 Snake:4: 3126 daAuts
Vaults:2: 3123 daAuts
   Elf:2: 3123 daAuts
Depths:1: 3066 daAuts
    D:15: 2910 daAuts
    D:10: 2837 daAuts
